 Dungeon Crawl Stone Soup version 0.27.1-34-g3ba077fa99 (webtiles) character file.

Game seed: 4940309017051335977

37 Descartes the Grasshopper (level 3, -8/27 HPs)
             Began as a Formicid Warper on Jan 16, 2022.
             Was a Follower of Cheibriados.
             Mangled by an ice beast (13 damage)
             ... on level 3 of the Dungeon.
             The game lasted 00:02:17 (2054 turns).

Descartes the Grasshopper (Formicid Warper)         Turns: 2054, Time: 00:02:17

Health: -8/27      AC:  3    Str: 18    XL:     3   Next: 62%
Magic:  6/6        EV: 11    Int: 14    God:    Cheibriados [*.....]
Gold:   53         SH:  0    Dex: 12    Spells: 6/6 levels left

rFire    . . .     SeeInvis +   a - +0 mace
rCold    . . .     Faith    .   (no shield)
rNeg     + . .     Spirit   .   b - +0 leather armour
rPois    .         Reflect  .   (helmet unavailable)
rElec    .         Harm     .   k - scarf {shadows}
rCorr    .         Rampage  .   (no gloves)
Will     +....                  (no boots)
Stlth    +.........             n - amulet of the acrobat
HPRegen  0.09/turn              i - ring of willpower
MPRegen  0.10/turn              e - ring of positive energy

@: very slow
A: permanent stasis, dig shafts and tunnels, antennae 3, four strong arms
a: Dig, Shaft Self, Renounce Religion, Bend Time


You were on level 3 of the Dungeon.
You worshipped Cheibriados.
Cheibriados was aware of your devotion.
You visited 1 branch of the dungeon, and saw 3 of its levels.

You collected 53 gold pieces.

Inventory:

Hand Weapons
 a - a +0 mace (weapon)
Missiles
 c - 5 boomerangs of dispersal (quivered)
 j - 2 stones
Armour
 b - a +0 leather armour (worn)
 k - a scarf of shadows (worn)
Jewellery
 e - a ring of positive energy (right hand)
 i - a ring of willpower (left hand)
 n - an amulet of the acrobat (around neck)
Scrolls
 d - 3 scrolls of fog {unknown}
 f - 3 scrolls of magic mapping {unknown}
 h - a scroll of teleportation {unknown}
 o - a scroll of identify {unknown}
 p - a scroll of noise {unknown}
Potions
 g - a potion of degeneration {unknown}
 l - a potion of curing {unknown}
 m - a potion of ambrosia {unknown}
 q - a potion of lignification {unknown}


   Skills:
 - Level 2.1 Fighting
 - Level 2.0 Maces & Flails
 - Level 1.0 Throwing
 + Level 2.5 Armour
 - Level 1.7 Dodging
 - Level 2.1 Spellcasting
 + Level 3.4 Translocations


You had 6 spell levels left.
You didn't know any spells.
Your spell library contained the following spells:

 Spells                   Type           Power      Damage    Failure   Level
 Gell's Gravitas          Tloc           5%         N/A       21%         3
 Lesser Beckoning         Tloc           5%         N/A       21%         3
 Teleport Other           Tloc           11%        N/A       21%         3
 Animate Skeleton         Necr           2%         N/A       28%         1
 Beastly Appendage        Tmut           2%         N/A       28%         1
 Magic Dart               Conj           4%         1d3       28%         1
 Pain                     Necr           4%         1d4       28%         1
 Call Imp                 Summ           1%         N/A       38%         2
 Wereblood                Tmut           1%         N/A       38%         2
 Mephitic Cloud           Conj/Pois/Air  1%         N/A       63%         3
 Spider Form              Tmut/Pois      0%         N/A       63%         3
 Vampiric Draining        Necr           0%         2d6       63%         3
 Manifold Assault         Tloc           11%        N/A       88%         5
 Blink                    Tloc           Unusable   N/A       N/A         2

Dungeon Overview and Level Annotations

Branches:
Dungeon (3/15)

Altars:
Cheibriados


Innate Abilities, Weirdness & Mutations

You cannot be hasted, slowed, berserked, paralysed or teleported.
You can dig through walls and to a lower floor.
You have a pair of large antennae on your head. (SInv)
Your four strong arms can wield two-handed weapons with a shield.


Message History

No target in view!
No target in view!
No target in view!
No target in view!
No target in view!
You see here a bat corpse.
Found a green potion.
q - a green potion You see here a hobgoblin corpse.
You see here a bat corpse.
Done exploring.
Done exploring.
There is a stone staircase leading down here.
You climb downwards.
Found a stone staircase leading down.
There is a stone staircase leading up here.
The ice beast completely misses you. x2
You hit the ice beast.
The ice beast is moderately wounded.
The ice beast barely misses you.
You sock the ice beast!
The ice beast is heavily wounded.
The ice beast completely misses you.
You barely miss the ice beast.
The ice beast is heavily wounded.
The ice beast hits you. The ice beast freezes you!
The ice beast hits you but does no damage.
You hit the ice beast.
The ice beast is severely wounded.
The ice beast barely misses you.
You closely miss the ice beast.
The ice beast is severely wounded.
The ice beast hits you. The ice beast freezes you!
You are too injured to fight recklessly!
You hit the ice beast but do no damage.
The ice beast is severely wounded.
The ice beast completely misses you. The ice beast hits you.
* * * LOW HITPOINT WARNING * * *
The ice beast freezes you!
You die...

.....#......#
.....#......#
#+#.#.#......#
##.#..........#
.........>...#
. ......<.....#
#..#.#.#......#
#.............#
....#@.......#
+#..Y........#
......#......##
.....#.......#
..... .......#
..... ........
.... ...###


You could see an ice beast.

Vanquished Creatures
  An adder (D:2)
  3 ball pythons
  4 endoplasms (D:1)
  A giant cockroach (D:1)
  3 hobgoblins (D:2)
  4 quokkas (D:1)
  4 bats
  2 frilled lizards (D:1)
  2 kobolds
  3 rats (D:1)
27 creatures vanquished.

Notes
Turn   | Place    | Note
-------+----------+-------------------------------------------
     0 | D:1      | Descartes the Formicid Warper began the quest for the Orb.
     0 | D:1      | Reached XP level 1. HP: 16/16 MP: 3/3
   296 | D:1      | Reached XP level 2. HP: 17/22 MP: 5/5
   359 | D:1      | Reached skill level 3 in Translocations
   871 | D:1      | Reached XP level 3. HP: 24/27 MP: 6/6
  1708 | D:2      | Found a faded altar of an unknown god.
  1714 | D:2      | Became a worshipper of Cheibriados the Contemplative
  1714 | D:2      | Reached * piety under Cheibriados
  2045 | D:3      | Noticed an ice beast
  2054 | D:3      | Mangled by an ice beast

Illustrated notes

Levels and vault maps discovered:
D:1:      dpeg_arrival_arbitrary_c, layout_basic
D:2:      layout_loops_cross, dreamdust_ecumenical_altar_angels_and_demons,
          serial_park_tiny_1
D:3:      layout_basic, uniq_jessica

Skill      XL: |  1  2 |
---------------+-------+-----
Translocations | 3 |  3.4
Armour         | 2 |  2.5
Fighting       | |  2.1
Maces & Flails | |  2.0
Throwing       | |  1.0
Dodging        | |  1.7
Spellcasting   | |  2.1

Action                   || total
-------------------------++-------
Melee: Mace              ||    87
Armor: Leather armour    ||    19
Dodge: Dodged            ||    67
